 Dungeon Crawl Stone Soup version 0.30.1-11-g7821555f0a (webtiles) character file.

Game seed: 1680087141938515617

12727 lonewolfV2 the Nimble (level 11, -20/75 HPs)
             Began as a Demonspawn Fighter on Oct 27, 2023.
             Was a Priest of Qazlal.
             Demolished by a large slime creature (25 damage)
             ... on level 12 of the Dungeon.
             The game lasted 00:14:50 (10330 turns).

lonewolfV2 the Nimble (Demonspawn Fighter)         Turns: 10330, Time: 00:14:50

Health: -20/75     AC: 17    Str: 19    XL:     11   Next: 66%
Magic:  14/14      EV:  6    Int:  7    God:    Qazlal [***...]
Gold:   738        SH: 18    Dex:  9    Spells: 10/10 levels left

rFire   + + .        z - +7 broad axe of Seowkutracs {drain, rPois rF++ rC+ Dex-5}
rCold   + . .        H - +0 tower shield
rNeg    . . .        l - +0 plate armour
rPois   +            (helmet restricted)
rElec   .            (no cloak)
rCorr   +            h - +0 pair of gloves
SInv    +            (no boots)
Will    ++...        C - necklace of Bloodlust {Fury *Rage Will++ Int-3 Slay+6} Stlth
                     D - ring of resist corrosion
HPRegen 0.32/turn    B - ring of see invisible
MPRegen 0.14/turn

%: random rage (50%)
@: on berserk cooldown, slowed, very slow
A: claws 2, icy blue scales 1, spiny 3, condensation shield, horns 1, talons 1
a: Renounce Religion, Upheaval, Elemental Force


You were on level 12 of the Dungeon.
You worshipped Qazlal.
Qazlal was most pleased with you.
You visited 2 branches of the dungeon, and saw 13 of its levels.
You also visited: Ossuary.

You collected 990 gold pieces.
You spent 252 gold pieces at shops.

Inventory:

Hand Weapons
 a - a +1 heavy war axe
 z - the +7 broad axe of Seowkutracs (weapon) {drain, rPois rF++ rC+ Dex-5}
   (You bought it in a shop on level 7 of the Dungeon)

   Dex:       It affects your dexterity (-5).
   rF:        It greatly protects you from fire.
   rC:        It protects you from cold.
   rPois:     It protects you from poison.
Armour
 b - a +0 scale mail
 c - a +1 buckler
 h - a +0 pair of gloves (worn)
 l - a +0 plate armour (worn)
 H - a +0 tower shield (worn)
Jewellery
 m - an amulet of reflection
 s - an amulet of guardian spirit
 B - a ring of see invisible (right hand)
 C - the necklace of Bloodlust (around neck) {Fury *Rage Will++ Int-3 Slay+6}
   (You found it on level 7 of the Dungeon)

   [amulet of nothing]

   Fury:      It extends the wearer's berserk rage when killing foes.
   Int:       It affects your intelligence (-3).
   Slay:      It affects your accuracy & damage with ranged weapons and melee
   (+6).
   *Rage:     It berserks you when you make melee attacks (+50% chance).
   Will:      It greatly increases your willpower.
 D - a ring of resist corrosion (left hand)
Wands
 x - a wand of flame (9)
 y - a wand of digging (8)
 E - a wand of roots (8)
Scrolls
 n - 5 scrolls of vulnerability
 o - 2 scrolls of blinking
 p - 5 scrolls of identify
 q - 3 scrolls of enchant armour
 r - 3 scrolls of enchant weapon
 t - 5 scrolls of teleportation
 v - 2 scrolls of magic mapping
 w - 2 scrolls of silence
 A - 6 scrolls of fear
Potions
 d - 7 potions of might
 e - 4 potions of curing
 f - 2 potions of invisibility
 g - 6 potions of degeneration
 i - 10 potions of heal wounds
 j - 4 potions of flight
 k - 4 potions of brilliance
 u - a potion of attraction
 F - 2 potions of haste
 G - a potion of cancellation
Miscellaneous
 I - a lightning rod (4/4)


   Skills:
 - Level 3.0 Fighting
 * Level 5.3 Axes
 - Level 8.1 Armour
 * Level 12.0 Dodging
 - Level 8.3 Shields
 + Level 4.4 Invocations


You had 10 spell levels left.
You didn't know any spells.
Your spell library contained the following spells:

 Spells                   Type           Power      Damage    Failure   Level
 Blink                    Tloc           0%         N/A       100%        2
 Lesser Beckoning         Tloc           0%         N/A       100%        2
 Momentum Strike          Conj/Tloc      0%         3d8       100%        2
 Inner Flame              Hex/Fire       0%         N/A       100%        3
 Flame Wave               Conj/Fire      0%         2d4       100%        4
 Sticky Flame             Conj/Fire      0%         2d3       100%        4


Dungeon Overview and Level Annotations

Branches:
Dungeon (12/15)            Temple (1/1) D:5            Lair (0/5) D:9
Ossuary (visited)
    Orc: D:9-12

Altars:
Ashenzari
Gozag
Makhleb
Okawaru
Qazlal
Wu Jian

Shops:
D:2 :[   D:3 (   D:7 (

Annotations:
D:5 3 runed translucent doors, GreenGuy14's ghost, novice DrMo


Innate Abilities, Weirdness & Mutations

You have very sharp fingernails.
You are partially covered in icy blue scales. (AC +2)
You are completely covered in sharp spines.
A meltable shield of frost defends you. (SH +0)
You have a pair of small horns on your head.
You have sharp toenails.


Message History

The slime creature is almost dead.
You barely miss the very large slime creature.
You slice the slime creature!!
You block the slime creature's attack. x2
The slime creature completely misses you.
You block the very large slime creature's attack.
The slime creature hits you!
You slash the slime creature! You drain the slime creature.
You kill the slime creature!
Qazlal accepts your kill.
You slash the very large slime creature!
You barely miss the slime creature.
The slime creature is engulfed in blazing flames.
Two slime creatures merge to form a large slime creature.
A very large slime creature splits.
You block the fire elemental's attack.
You block the large slime creature's attack.
The large slime creature is struck by your spines.
The large slime creature hits you!! The large slime creature hits you!
The large slime creature hits you!!
* * * LOW HITPOINT WARNING * * *
The fire elemental is struck by your spines.
The fire elemental hits you. The fire elemental burns you!
Your condensation shield dissipates!
You resist.
* * * LOW HITPOINT WARNING * * *
Your Dodging skill increases to level 12!
You hit the fire elemental. Your kick misses the fire elemental.
Your headbutt misses the fire elemental.
The fire elemental is moderately damaged.
You hit the large slime creature. You drain the large slime creature.
You slash the large slime creature! You hit the slime creature.
You drain the slime creature. You block the fire elemental's attack.
You block the large slime creature's attack.
The large slime creature hits you but does no damage.
The slime creature is engulfed in freezing vapours.
The slime creature hits you but does no damage.
The fire elemental hits you. The fire elemental burns you! You resist.
* * * LOW HITPOINT WARNING * * *
The large slime creature is struck by your spines.
The large slime creature hits you!!
You die...

### #.# #.# .
##.# ..######..#
.#
..........###..#
.......JJ.<...#
!......E@ยง...##
####...J##..##
##..###?.# #..
#..# #e.# ##.#
#..# .# #.## .#
.# .#


You could see 2 large slime creatures, a slime creature (drained), a deep elf
pyromancer and a fire elemental (summoned).

Vanquished Creatures
  A two-headed ogre (D:8)
  Lodul (D:11)
  2 deep trolls (D:7)
  A deep elf pyromancer (D:9)
  A manticore (D:12)
  A black mamba (shapeshifter) (D:12)
  A gargoyle (D:11)
  2 trolls (D:11)
  A slime creature (D:12)
  A shadow (D:10)
  A wraith (D:11)
  3 wyverns (D:9)
  14 yaks
  4 steam dragons
  3 vampire mosquitoes (D:11)
  2 acid dragons
  2 water moccasins
  An orc warrior (D:9)
  5 sky beasts
  3 black bears
  10 ogres
  A phantom (D:7)
  2 centaurs
  5 bullfrogs
  4 gnoll sergeants
  4 scorpions
  12 wights (D:8)
  3 killer bees (D:10)
  An electric eel (D:6)
  A human zombie (Ossuary)
  3 jellies
  5 hounds
  A gnoll bouda (D:8)
  3 orc priests
  2 sleepcaps
  2 iguanas (D:5)
  5 orc wizards
  4 mummies (Ossuary)
  24 gnolls
  6 adders
  3 white imps
  An ufetubus (D:4)
  A worm (D:2)
  2 dart slugs (D:2)
  13 orcs
  7 ball pythons
  5 endoplasms
  A giant cockroach (D:2)
  A gnoll zombie (Ossuary)
  4 hobgoblins
  3 jackals (D:1)
  3 quokkas
  A frilled lizard (D:2)
  6 goblins
  2 goblin zombies
  2 hobgoblin zombies (Ossuary)
  A kobold (D:4)
  2 kobold zombies (Ossuary)
  An orc zombie (Ossuary)
  A quokka zombie (D:5)
  3 rats (D:2)
211 creatures vanquished.

Notes
Turn   | Place    | Note
-------+----------+-------------------------------------------
     0 | D:1      | lonewolfV2 the Demonspawn Fighter began the quest for the
                  | Orb.
     0 | D:1      | Reached XP level 1. HP: 18/18 MP: 1/1
   227 | D:1      | Gained mutation: You are partially covered in sharp spines.
                  | [demonic ancestry]
   227 | D:1      | Reached XP level 2. HP: 22/24 MP: 2/2
   325 | D:1      | Reached skill level 1 in Dodging
   428 | D:2      | Found Hupof's Armour Boutique.
   562 | D:2      | Gained mutation: You have sharp fingernails. [demonic
                  | ancestry]
   562 | D:2      | Reached XP level 3. HP: 24/29 MP: 3/3
   705 | D:2      | Reached skill level 2 in Dodging
   758 | D:2      | Found Caakloec's Book Emporium.
  1172 | D:3      | Found Mefaroi's Weapon Boutique.
  1328 | D:3      | Reached XP level 4. HP: 35/35 MP: 4/4
  1361 | D:3      | Reached skill level 3 in Dodging
  1361 | D:3      | Gained mutation: You are partially covered in icy blue
                  | scales. (AC +2) [demonic ancestry]
  1361 | D:3      | Reached XP level 5. HP: 24/41 MP: 5/5
  2620 | D:5      | Entered Level 5 of the Dungeon
  2646 | D:5      | Reached XP level 6. HP: 38/47 MP: 6/6
  2670 | D:5      | Reached skill level 4 in Dodging
  2773 | D:5      | Found a staircase to the Ecumenical Temple.
  2787 | Temple   | Entered the Ecumenical Temple
  2800 | Temple   | Became a worshipper of Qazlal Stormbringer
  2823 | D:5      | Found a runed translucent gate.
  2823 | D:5      | Found a runed translucent gate.
  2823 | D:5      | Found a runed translucent gate.
  2825 | D:5      | Noticed an ice beast
  2827 | D:5      | Noticed GreenGuy14's ghost (novice DrMo)
  2860 | D:5      | Found a sand-covered staircase.
  2870 | Ossuary  | Entered an ossuary
  2937 | Ossuary  | Gained mutation: You have very sharp fingernails. [demonic
                  | ancestry]
  2937 | Ossuary  | Reached XP level 7. HP: 16/52 MP: 7/7
  3444 | D:5      | Reached skill level 5 in Dodging
  4185 | D:5      | Gained mutation: You have sharp toenails. [potion of
                  | mutation]
  4185 | D:5      | Gained mutation: You have a pair of small horns on your
                  | head. [potion of mutation]
  4321 | D:6      | Reached skill level 5 in Armour
  4328 | D:6      | Reached skill level 5 in Shields
  4328 | D:6      | Reached XP level 8. HP: 28/58 MP: 8/8
  4331 | D:6      | Reached skill level 6 in Dodging
  4337 | D:6      | Reached * piety under Qazlal
  5154 | D:6      | Reached skill level 7 in Dodging
  5712 | D:7      | Gained mutation: You are mostly covered in sharp spines.
                  | [demonic ancestry]
  5712 | D:7      | Reached XP level 9. HP: 63/63 MP: 9/9
  5757 | D:7      | Found an iron altar of Okawaru.
  5763 | D:7      | Found a burning altar of Makhleb.
  5767 | D:7      | Found a broken altar of Ashenzari.
  5870 | D:7      | Found Diffesh's Antique Weapon Shop.
  5882 | D:7      | Bought a fine broad axe for 252 gold pieces
  5882 | D:7      | Identified the +7 broad axe of Seowkutracs {drain, rPois
                  | rF++ rC+ Dex-5} (You bought it in a shop on level 7 of the
                  | Dungeon)
  6229 | D:7      | Noticed a deep troll
  6229 | D:7      | Noticed a deep troll
  6243 | D:7      | Killed a deep troll
  6244 | D:7      | Reached skill level 8 in Dodging
  6414 | D:7      | Found the necklace of Bloodlust {Fury *Rage Will++ Int-3
                  | Slay+6}
  6422 | D:7      | HP: 2/63 [deep troll (15)]
  6427 | D:7      | Killed a deep troll
  6631 | D:8      | Reached skill level 9 in Dodging
  6942 | D:8      | Reached ** piety under Qazlal
  7049 | D:8      | Noticed a two-headed ogre
  7052 | D:8      | Killed a two-headed ogre
  7053 | D:8      | Gained mutation: You are completely covered in sharp
                  | spines. [demonic ancestry]
  7053 | D:8      | Reached XP level 10. HP: 58/70 MP: 10/10
  7585 | D:9      | Reached skill level 10 in Dodging
  7957 | D:9      | Found a staircase to the Lair.
  8082 | D:9      | Noticed a deep elf pyromancer
  8086 | D:9      | Killed a deep elf pyromancer
  8509 | D:10     | Entered Level 10 of the Dungeon
  8840 | D:10     | Reached skill level 11 in Dodging
  8842 | D:10     | Gained mutation: A meltable shield of frost defends you.
                  | (SH +0) [demonic ancestry]
  8842 | D:10     | Reached XP level 11. HP: 64/75 MP: 11/11
  8844 | D:10     | Reached *** piety under Qazlal
  9030 | D:10     | Reached skill level 1 in Invocations
  9716 | D:10     | Found an opulent altar of Gozag.
  9963 | D:11     | Identified the +1 chain mail of the Voracious God {MP+9}
  9967 | D:11     | Noticed Lodul
  9981 | D:11     | Killed Lodul
 10065 | D:11     | Found an opulent altar of Gozag.
 10194 | D:11     | Reached skill level 5 in Axes
 10324 | D:12     | Noticed a deep elf pyromancer
 10330 | D:12     | Reached skill level 12 in Dodging
 10330 | D:12     | Demolished by a large slime creature

Illustrated notes

Levels and vault maps discovered:
D:1:      erik_arrival_blinker_ship, layout_basic
D:2:      layout_rooms, serial_forest, infiniplex_forest_clump_diagonal,
          infiniplex_forest_clump_medium, infiniplex_forest_split,
          infiniplex_forest_zigzag_1, infiniplex_forest_end_3,
          infiniplex_forest_lined_1, infiniplex_forest_clump_medium,
          serial_shops, shop, shop
D:3:      layout_loops_ring, serial_shops, nicolae_shop_bloodbath_and_beyond
D:4:      layout_basic
D:5:      layout_loops_corners, minmay_temple_entry_statues, enter_ossuary_4,
          gammafunk_ghost_split, chequers_serial_rivers_micro_a,
          grunt_ministairs_1
D:6:      layout_basic, small_statue_intersection, kennysheep_generic_room_16
D:7:      layout_loops_ring, minitemple, nicolae_stop_n_shop_1,
          hellmonk_guarded_unrand_vitality_bloodlust
D:8:      layout_loops_ring
D:9:      layout_loops_ring, grunt_lair_entry_orc_guard_hut
D:10:     layout_cave_pools, marbit_many_paths, nicolae_hexahallways
D:11:     layout_rooms, grunt_gozag_breadcrumbs, uniq_lodul
D:12:     layout_layer_cave, orc_0_dummy, hellmonk_ghost_big_iron, serial_shops,
          shop, uniq_kirke, uniq_azrael, uniq_sonja
Temple:   minmay_crystal_spiral_temple

Skill      XL: |  1  2  3  4  5  6  7  8  9 10 11 |
---------------+----------------------------------+-----
Dodging        | 1 2 3 4 5 7 9 11 12 | 12.0
Shields        | 3 4 5 6 7 8 |  8.3
Armour         | 3 4 5 6 7 8 |  8.1
Axes           | 2 5 |  5.3
Invocations    | 4 |  4.4
Fighting       | |  3.0

Action                     |  1- 3 |  4- 6 |  7- 9 | 10-12 || total
---------------------------+-------+-------+-------+-------++-------
  Melee: War axe           |   102 |    81 |   112 |       ||   295
         Kick              |       |       |    29 |    43 ||    72
         Headbutt          |       |       |    18 |    20 ||    38
         Broad axe         |       |       |    33 |   131 ||   164
    Use: Scroll            |     9 |     4 |     5 |     3 ||    21
         Potion            |       |     1 |    10 |     2 ||    13
 Armour: Scale mail        |    30 |    11 |       |       ||    41
         Plate armour      |       |    44 |    98 |    65 ||   207
  Dodge: Dodged            |    35 |    20 |    61 |    47 ||   163
  Block: Buckler           |    16 |    52 |   128 |    76 ||   272
         Reflection        |       |       |     1 |       ||     1
         Tower shield      |       |       |       |    54 ||    54
         Other             |       |       |       |     3 ||     3
